 Dungeon Crawl Stone Soup version 0.26.1-10-gdfb7c7de75 (webtiles) character file.

Game seed: 6298238451364936543

246 diana the Slasher (level 5, 0/42 HPs)
             Began as a Demonspawn Gladiator on Apr 3, 2021.
             Killed by divine providence
             ... invoked by an orc priest
              (11 damage)
             ... on level 3 of the Dungeon.
             The game lasted 00:05:04 (3258 turns).

diana the Slasher (Demonspawn Gladiator)            Turns: 3258, Time: 00:05:05

Health: 0/42       AC: 14    Str: 15    XL:     5   Next: 84%
Magic:  5/5        EV:  5    Int:  9    God:
Gold:   158        SH:  0    Dex: 17    Spells: 4/4 levels left

rFire    . . .     SeeInvis .   a - +0 long sword
rCold    . . .     Faith    .   (no shield)
rNeg     . . .     Spirit   .   p - +0 plate armour
rPois    .         Reflect  .   c - +0 helmet
rElec    .         Harm     .   s - +0 cloak
rCorr    .         Rampage  .   k - +0 pair of gloves
Will     .....     Rnd*Tele +   (no boots)
Stlth    ..........             (no amulet)
HPRegen  0.14/turn              v - ring of teleportation (curse)
MPRegen  0.09/turn              (no ring)

@: no status effects
A: claws 1, thin skeletal structure 1, demonic guardian 1, powered by death 1
a: no special abilities


You were on level 3 of the Dungeon.
You visited 1 branch of the dungeon, and saw 3 of its levels.

You collected 158 gold pieces.

Inventory:

Hand Weapons
 a - a +0 long sword (weapon)
Missiles
 d - 3 throwing nets (quivered)
Armour
 b - a +0 leather armour
 c - a +0 helmet (worn)
 k - a +0 pair of gloves (worn)
 p - a +0 plate armour (worn)
 s - a +0 cloak (worn)
Jewellery
 v - a cursed ring of teleportation (left hand)
Scrolls
 f - a scroll of enchant weapon {unknown}
 i - a scroll of blinking {unknown}
 j - 5 scrolls of identify {unknown}
 l - 2 scrolls of remove curse {unknown}
 r - 2 scrolls of immolation {unknown}
 t - a scroll of teleportation {unknown}
 w - a scroll of magic mapping {unknown}
Potions
 e - a potion of degeneration {unknown}
 g - a potion of attraction {unknown}
 h - 2 potions of curing
 m - 2 potions of heal wounds {unknown}
 n - a potion of lignification {unknown}
 o - a potion of might {unknown}
 q - a potion of brilliance {unknown}
 u - a potion of ambrosia {unknown}


   Skills:
 + Level 3.7 Fighting
 + Level 3.8 Long Blades
 - Level 1.7 Throwing
 + Level 2.5 Armour
 - Level 3.4 Dodging


You had 4 spell levels left.
You didn't know any spells.
Your spell library was empty.

Dungeon Overview and Level Annotations

Branches:
Dungeon (3/15)

Altars:


Innate Abilities, Weirdness & Mutations

You have sharp fingernails.
You have a somewhat thin skeletal structure. (Dex +2, Stealth)
A weak demonic guardian rushes to your aid.
You regenerate a little health from kills.


Message History

You are too injured to fight recklessly!
You are too injured to fight recklessly!
You barely miss the orc.
The orc is severely wounded.
The orc barely misses you.
You hit the orc.
The orc is almost dead.
The orc hits you but does no damage.
You slash the orc!
You kill the orc!
The orc priest calls down the wrath of Beogh upon you.
Beogh smites you!
* * * LOW HITPOINT WARNING * * *
The kobold hits you but does no damage.
The kobold closely misses your iron imp.
Your iron imp barely misses the kobold.
The kobold hits your iron imp but does no damage.
The orc priest calls down the wrath of Beogh upon you.
Beogh smites you!
You die...

#.###.# ##'## #.#...#
##...## #.#.#.##
##.....## #.#.#..##
##.).....##
#.......####.........#
.†<........+.........+
##......####.........#
........# ##.......##
........... ##..@..##
........### ##...##
##...#...# ##5##
#...#.#.# #K#
#.....#..


.oo ##..## ##.## ... ... ... You could see an orc priest, an orc, a kobold and a
friendly iron imp (summoned).

Vanquished Creatures
  An orc priest (D:3)
  Crazy Yiuf (D:2)
  Ijyb (D:3)
  4 gnolls (D:3)
  3 adders
  2 worms (D:2)
  3 dart slugs (D:2)
  5 orcs (D:3)
  2 ball pythons (D:2)
  4 bats
  6 giant cockroaches
  11 hobgoblins
  A quokka (D:2)
  5 frilled lizards
  10 goblins
  8 kobolds
  A leopard gecko skeleton (D:2)
  6 rats
74 creatures vanquished.

Vanquished Creatures (collateral kills)
  3 gnolls (D:3)
3 creatures vanquished.

Grand Total: 77 creatures vanquished

Notes
Turn   | Place    | Note
-------+----------+-------------------------------------------
     0 | D:1      | diana the Demonspawn Gladiator began the quest for the Orb.
     0 | D:1      | Reached XP level 1. HP: 16/16 MP: 1/1
   192 | D:1      | Gained mutation: You regenerate a little health from kills.
                  | [demonic ancestry]
   192 | D:1      | Reached XP level 2. HP: 22/22 MP: 2/2
   975 | D:1      | Gained mutation: A weak demonic guardian rushes to your
                  | aid. [demonic ancestry]
   975 | D:1      | Reached XP level 3. HP: 24/28 MP: 3/3
  1491 | D:2      | Reached skill level 1 in Armour
  1669 | D:2      | Gained mutation: You have sharp fingernails. [demonic
                  | ancestry]
  1669 | D:2      | Reached XP level 4. HP: 24/34 MP: 4/4
  1806 | D:2      | Found a runed translucent door.
  1807 | D:2      | Noticed Crazy Yiuf
  2426 | D:2      | Killed Crazy Yiuf
  2649 | D:3      | Gained mutation: You have a somewhat thin skeletal
                  | structure. (Dex +2, Stealth) [demonic ancestry]
  2649 | D:3      | Reached XP level 5. HP: 21/41 MP: 5/5
  3039 | D:3      | Noticed Ijyb
  3080 | D:3      | Killed Ijyb
  3258 | D:3      | Killed from afar by an orc priest

Illustrated notes

Levels and vault maps discovered:
D:1:      dpeg_arrival_prison, layout_basic, kennysheep_small_spiral
D:2:      layout_loops_ring, kennysheep_potato, uniq_crazy_yiuf_cottage
D:3:      layout_loops_corners, uniq_ijyb, uniq_sigmund

Skill      XL: |  1  2  3  4  5 |
---------------+----------------+-----
Dodging        | 3 |  3.4
Armour         | 1 2 |  2.5
Long Blades    | 3 |  3.8
Fighting       | 3 |  3.7
Throwing       | |  1.7

Action                   |  1- 3 |  4- 6 || total
-------------------------+-------+-------++-------
Melee: Long sword        |   121 |   154 ||   275
Armor: Leather armour    |    33 |       ||    33
       Plate armour      |    27 |   124 ||   151
Dodge: Dodged            |    59 |    47 ||   106
       Rpst.: Long sword |    22 |    11 ||    33
